 Dungeon Crawl Stone Soup version 0.19-a0-811-gf4045fb (webtiles) character file.

108496 vatarom the Formicid Catastrophe (level 17, -1/135 HPs)
             Began as a Formicid Fighter on June 28, 2016.
             Was an Elder of Qazlal.
             Slain by a merfolk impaler
             ... wielding a +1 demon trident of draining
              (19 damage)
             ... on level 2 of the Shoals.
             The game lasted 00:52:49 (21336 turns).

vatarom the Formicid Catastrophe (FoFi)            Turns: 21336, Time: 00:52:50

Health: -1/135     AC: 25    Str: 31    XL:     17   Next: 4%
Magic:  27/27      EV: 11    Int: 11    God:    Qazlal [****..]
Gold:   1274       SH:  0    Dex: 15    Spells: 0 memorised, 16 levels left

rFire  + + .     SeeInvis +     l - +7 trident "Siumasu" {pierce, *Noise rElec Str+3 SInv}
rCold  . . .     Gourm    .     r - +1 plate armour
rNeg   . . .     Faith    +     c - +2 shield
rPois  +         Spirit   .     (helmet unavailable)
rElec  +         Dismiss  .     G - +1 cloak of the Wasteland {Str+3}
rCorr  .         Reflect  .     H - +2 pair of gloves {Dex+3}
SustAt +         Harm     .     a - +0 pair of boots
MR     +....                    A - amulet of faith
Stlth  ..........               o - ring of sustain attributes
                                h - +3 ring of strength

@: confused, repel missiles, very heavily drained, somewhat resistant to hostile
enchantments, extremely unstealthy
A: permanent stasis, dig shafts and tunnels, four strong arms, antennae 3,
talons 1, rough black scales 1, fire resistance 2, sense surroundings 2, poison
resistance, electricity resistance, evolution 1
a: Dig, Shaft Self, Upheaval, Elemental Force, Renounce Religion


You were on level 2 of the Shoals.
You worshipped Qazlal.
Qazlal was greatly pleased with you.
You were hungry.

You visited 4 branches of the dungeon, and saw 25 of its levels.
You also visited: Bailey.

You collected 1729 gold pieces.
You spent 455 gold pieces at shops.

Inventory:

Hand Weapons
 d - a +2 dire flail of crushing
 g - a +3 mace of protection
 l - the +7 trident "Siumasu" (weapon) {pierce, *Noise rElec Str+3 SInv}
   (You found it on level 10 of the Dungeon)

   It inflicts extra damage upon your enemies.
   It affects your strength (+3).
   It insulates you from electricity.
   It lets you see invisible.
   It may make noises in combat.
Missiles
 M - 14 javelins (quivered)
Armour
 a - a +0 pair of boots (worn)
 c - a +2 shield (worn)
 r - a +1 plate armour (worn)
 G - the +1 cloak of the Wasteland (worn) {Str+3}
   (You acquired it on level 2 of the Shoals)

   It affects your strength (+3).
 H - a +2 pair of gloves of dexterity (worn)
Jewellery
 h - a +3 ring of strength (left hand)
 o - a ring of sustain attributes (right hand)
 v - an uncursed ring of flight
 w - an uncursed ring of wizardry
 A - an amulet of faith (around neck)
 E - an uncursed amulet of dismissal
 P - a +2 amulet of reflection
Wands
 b - a wand of lightning (6/15)
 t - a wand of random effects (7/48)
 y - a wand of paralysis (14/24)
 N - a wand of random effects (35/48)
 R - a wand of confusion (25/48)
Scrolls
 i - 2 scrolls of magic mapping
 j - 9 scrolls of identify
 m - 3 scrolls of recharging
 n - 8 scrolls of remove curse
 s - 5 scrolls of fog
 B - 3 scrolls of fear
 C - 2 scrolls of enchant weapon
 J - a scroll of silence
 K - 2 scrolls of amnesia
 L - 2 scrolls of summoning
 T - a scroll of holy word
Potions
 e - 2 potions of magic
 q - 2 potions of brilliance
 z - a potion of agility
 F - 2 potions of ambrosia
 I - 2 potions of invisibility
 Q - 4 potions of curing
 S - 2 potions of lignification
Comestibles
 f - 3 bread rations
 k - 8 fruits
 p - 3 meat rations
 x - 6 royal jellies
 D - 3 beef jerkies
 O - a slice of pizza


   Skills:
 + Level 12.4(8.3) Fighting
 - Level 8.0(4.3) Maces & Flails
 + Level 10.7(6.8) Polearms
 * Level 9.8(5.9) Throwing
 - Level 12.5(8.4) Armour
 - Level 9.4(5.6) Dodging
 - Level 12.4(8.3) Shields
 + Level 14.4(10.1) Invocations


You had 16 spell levels left.
You didn't know any spells.

Dungeon Overview and Level Annotations

Branches:
Dungeon (15/15)            Temple (1/1) D:7            Lair (6/6) D:10
 Shoals (3/4) Lair:3        Snake (0/4) Lair:4        Slime (0/5) Lair:6
    Orc (0/2) D:10         Vaults (0/5) D:14
 Depths: D:15

Altars:
Ashenzari
Elyvilon
Fedhas
Okawaru
Qazlal
Ru
Trog
Uskayaw
Xom
Zin
The Shining One

Shops:
D:4 (   D:6 =   D:7 %(   D:8 (   D:10 %   D:12 !   D:13 %=?[   Shoals:1 *

Annotations:
D:15 Zebura's ghost, journeyman FoFi
Lair:2 exclusion: 4 oklob plants
Lair:6 exclusion: 2 oklob plants


Innate Abilities, Weirdness & Mutations

You are under a permanent stasis effect.
You can dig through walls and to a lower floor.
Your four strong arms can wield two-handed weapons with a shield.
You have a pair of large antennae on your head. (SInv)
You have sharp toenails.
You are partially covered in rough black scales. (AC +4, Dex -1)
Your flesh is very heat resistant. (rF++)
You passively map the area around you.
Your system is resistant to poisons. (rPois)
You are resistant to electric shocks. (rElec)
You evolve.


Message History

You feel drained.
The merfolk hits you but does no damage.
The manticore barely misses you.
The manticore claws you but does no damage.
The manticore claws you!
The merfolk impaler is struck by lightning.
The merfolk impaler closely misses you.
The merfolk hits you with a trident of protection.
The faun casts a spell at you.
You easily resist.
The merfolk hits you with a trident.
The merfolk impaler hits you with a demon trident of draining!!
* * * LOW HITPOINT WARNING * * *
You feel drained.
* * * LOW HITPOINT WARNING * * *
The manticore bites you but does no damage.
The manticore claws you but does no damage.
The manticore barely misses you.
The merfolk impaler hits you with a demon trident of draining!!
You die...

≈≈...≈≈≈≈≈≈≈≈≈..#..#...!(≈≈≈≈≈≈≈≈
...≈≈≈≈≈≈≈≈≈≈≈≈..##.###<.≈≈≈≈≈≈≈≈
....≈...≈≈≈≈≈≈......###..()≈≈≈≈≈≈
.##...........≈......#((.≈≈≈≈≈≈≈≈
.######.................≈≈≈≈≈≈≈≈≈
..####...≈.......≈≈.....≈≈≈≈≈≈≈≈≈
###........≈.....≈≈.....≈≈≈≈≈≈≈≈≈
.##.......≈.###cH§§....≈≈≈≈≈≈≈≈≈≈
.#....≈..≈≈.###m@...≈≈≈(≈≈≈≈≈≈≈≈≈
.#>...≈≈≈≈≈...§mm§.≈≈≈≈≈≈≈≈≈≈≈≈≈≈
.##...≈≈≈≈≈≈≈.§≈≈≈§≈≈≈≈≈≈≈≈≈≈≈≈≈≈
........≈≈≈≈....≈≈≈≈≈≈≈≈≈≈≈≈≈≈≈≈≈
............[.....≈≈≈≈≈≈≈≈≈≈≈≈≈≈≈
≈...≈..##............≈≈≈≈..≈≈≈..≈
≈..≈≈≈.....≈≈...#...≈≈.....≈...≈.
≈≈≈≈......≈≈≈......≈≈......≈≈....
≈≈≈≈≈≈....≈....#...≈..P###..≈....


You could see a merfolk impaler, 2 merfolk, a faun and a manticore.

Vanquished Creatures
  Nikola (Shoals:2)
  Polyphemus (Shoals:2)
  Gastronok (D:12)
  A tengu reaver (D:13)
  A fire giant (D:13)
  A deep elf annihilator (D:13)
  The ghost of Xiguana the Grappler, a journeyman VSMo of Cheibriados (Lair:6)
  2 merfolk impalers
  2 fire dragons
  An ogre mage (D:14)
  A catoblepas (Shoals:2)
  3 hydras
  A death knight (D:13)
  A satyr (Shoals:1)
  A merfolk aquamancer (Shoals:1)
  18 death yaks
  Urug (D:14)
  4 skeletal warriors
  2 unseen horrors (D:13)
  5 sea snakes
  8 hill giants
  Pikel (D:7)
  2 necromancers
  An orc knight (D:14)
  2 wolf spiders (Lair:6)
  3 cyclopes
  18 ugly things
  2 griffons
  3 elephants (Lair:5)
  4 manticores
  6 sirens
  8 black mambas
  Joseph (D:7)
  4 water nymphs
  A guardian serpent (Lair:6)
  Maurice (D:8)
  Psyche (D:8)
  2 torpor snails
  11 spiny frogs
  A freezing wraith (D:13)
  6 centaur skeletons
  A kobold demonologist (D:14)
  7 komodo dragons
  3 rime drakes
  A queen bee (D:8)
  5 merfolk
  5 two-headed ogres
  4 trolls
  A polar bear (D:9)
  Prince Ribbit (D:7)
  A wind drake (Shoals:2)
  18 slime creatures
  13 blink frogs
  A shadow (D:15)
  A snapping turtle (Shoals:2)
  21 yaks
  A vampire (D:12)
  A redback (Lair:6)
  6 water elementals
  12 wyverns
  A wraith (D:13)
  3 hogs
  4 basilisks
  A human (Shoals:2)
  3 steam dragons
  9 vampire mosquitoes
  2 fire elementals (Lair:4)
  A mottled dragon (D:11)
  10 hippogriffs
  A soldier ant (D:13)
  29 water moccasins
  2 hell hounds (D:10)
  2 porcupines
  3 swamp drakes (Lair:6)
  7 orc warriors
  6 sky beasts
  2 ice beasts
  A black bear (D:6)
  A slave (D:7)
  2 phantoms (D:13)
  3 wasps (Lair:6)
  3 eyes of draining
  9 ogres
  22 wolves
  4 centaurs
  12 crocodiles
  8 big kobolds
  13 giant frogs
  2 gnoll sergeants (D:10)
  A wyvern zombie (D:8)
  2 wyvern skeletons
  4 scorpions
  25 killer bees
  An electric eel (Lair:2)
  4 wights (D:8)
  A howler monkey (D:11)
  5 centaur zombies
  9 crimson imps
  A quasit (D:10)
  2 jellies
  3 giant frog skeletons
  5 orc priests
  6 hounds
  9 orc wizards
  Natasha (twice) (D:4)
  Terence (D:2)
  11 iguanas
  5 polar bear simulacra (Lair:2)
  13 worker ants
  2 yak simulacra (Lair:2)
  3 wolf simulacra (Lair:2)
  16 sheep
  A centaur simulacrum (D:9)
  A wasp simulacrum (D:9)
  2 hound skeletons
  7 gnolls
  19 adders
  A hound simulacrum (D:9)
  60 river rats
  4 shadow imps
  An ufetubus (D:9)
  An ooze (D:2)
  2 adder zombies
  An adder skeleton (D:6)
  2 worms
  5 dart slugs
  An adder simulacrum (D:9)
  3 giant geckos
  27 orcs
  A giant cockroach (D:2)
  10 hobgoblins
  10 jackals
  8 quokkas
  A ball python (Lair:4)
  4 bats
  6 giant newts
  7 goblins
  16 kobolds
  4 rats
  A river rat simulacrum (Lair:2)
  3 butterflies (Lair:2)
  31 fungi
  42 plants
817 creatures vanquished.

Vanquished Creatures (collateral kills)
  Kirke (Shoals:2)
  2 death yaks (Shoals:2)
  3 ugly things (D:15)
  A centaur (Shoals:2)
  A ball python (Lair:4)
8 creatures vanquished.

Vanquished Creatures (others)
  A sea snake (Shoals:2)
  2 slaves (D:7)
  A centaur (D:7)
  A jelly (D:7)
  A jackal (D:8)
  13 fungi
  29 plants
48 creatures vanquished.

Grand Total: 873 creatures vanquished

Notes
Turn   | Place    | Note
--------------------------------------------------------------
     0 | D:1      | vatarom the Formicid Fighter began the quest for the Orb.
     0 | D:1      | Reached XP level 1. HP: 18/18 MP: 1/1
   152 | D:1      | Reached XP level 2. HP: 16/24 MP: 2/2
   339 | D:1      | Reached XP level 3. HP: 28/29 MP: 3/3
   354 | D:1      | Gained mutation: Your system is resistant to poisons. (rPois) [potion of mutation]
   354 | D:1      | Gained mutation: You have sharp toenails. [potion of mutation]
   354 | D:1      | Gained mutation: You have razor-sharp toenails. [potion of mutation]
   588 | D:2      | Noticed Terence
   614 | D:2      | Killed Terence
   614 | D:2      | Reached XP level 4. HP: 27/35 MP: 4/4
   631 | D:2      | Found a blossoming altar of Fedhas.
  1004 | D:2      | Reached XP level 5. HP: 41/41 MP: 5/5
  1767 | D:4      | Noticed Natasha
  1777 | D:4      | Killed Natasha
  1777 | D:4      | Reached skill level 5 in Armour
  1957 | D:4      | Noticed a big kobold
  1963 | D:4      | Killed a big kobold
  1963 | D:4      | Reached XP level 6. HP: 35/47 MP: 6/6
  2105 | D:4      | Noticed Natasha
  2126 | D:4      | Killed Natasha
  2348 | D:4      | Found Ysahidu's Weapon Shop.
  2383 | D:4      | Noticed an ogre
  2434 | D:4      | You fall through a shaft for 2 floors!
  2513 | D:6      | Noticed a black bear
  2523 | D:6      | Killed a black bear
  2523 | D:6      | Reached XP level 7. HP: 39/52 MP: 7/7
  2657 | D:6      | Gained mutation: Your muscles are strong. (Str +2) [mutagenic meat]
  2660 | D:6      | Lost mutation: You have razor-sharp toenails. [mutagenic meat]
  2663 | D:6      | Gained mutation: You are agile. (Dex +2) [mutagenic meat]
  2666 | D:6      | Lost mutation: You are agile. (Dex +2) [mutagenic meat]
  2669 | D:6      | Gained mutation: You are partially covered in rough black scales. (AC +4, Dex -1) [mutagenic meat]
  2672 | D:6      | Lost mutation: Your muscles are strong. (Str +2) [mutagenic meat]
  2816 | D:6      | Reached XP level 8. HP: 42/58 MP: 8/8
  2939 | D:6      | Found Ifruba's Jewellery Shoppe.
  2979 | D:6      | Reached skill level 10 in Armour
  3527 | D:5      | Entered Level 5 of the Dungeon
  3527 | D:5      | Found a bloodstained altar of Trog.
  3666 | D:7      | Noticed Pikel
  3697 | D:7      | Killed Pikel
  3697 | D:7      | Reached XP level 9. HP: 54/64 MP: 9/9
  3703 | D:7      | Noticed Joseph
  3745 | D:7      | Killed Joseph
  3754 | D:7      | Found a staircase to the Ecumenical Temple.
  3784 | D:7      | Found a flagged portal.
  3821 | Temple   | Entered the Ecumenical Temple
  3834 | Temple   | Became a worshipper of Qazlal Stormbringer
  3859 | Bailey   | Entered a bailey
  4095 | D:7      | Found Obriblig's Weapon Boutique.
  4099 | D:7      | Found Vowaosem's Food Boutique.
  4137 | D:7      | Reached skill level 1 in Invocations
  4144 | D:7      | Gained mutation: You possess an exceptional clarity of mind. [mutagenic meat]
  4144 | D:7      | Gained mutation: You passively map a small area around you. [potion of mutation]
  4144 | D:7      | Gained mutation: You are partially covered in molten scales. (AC +1) [potion of mutation]
  4144 | D:7      | Gained mutation: You expend magic power (3 MP) to strengthen your wands. [potion of mutation]
  4271 | D:7      | Noticed Prince Ribbit
  4951 | D:5      | You fall through a shaft for 3 floors!
  4951 | D:8      | Found Japsatt's Weapon Shoppe.
  4962 | D:8      | Reached skill level 5 in Maces & Flails
  4962 | D:8      | Reached skill level 2 in Invocations
  5166 | D:8      | Noticed a two-headed ogre
  5177 | D:8      | Killed a two-headed ogre
  5177 | D:8      | Reached skill level 3 in Invocations
  5177 | D:8      | Reached XP level 10. HP: 43/70 MP: 12/12
  5301 | D:8      | Reached * piety under Qazlal
  5303 | D:8      | Noticed Maurice
  5346 | D:8      | Reached skill level 4 in Invocations
  5403 | D:8      | Killed Maurice
  5576 | D:8      | You fall through a shaft for 2 floors!
  5576 | D:10     | Entered Level 10 of the Dungeon
  5594 | D:10     | Gained mutation: You evolve. [potion of beneficial mutation]
  5614 | D:10     | Reached skill level 5 in Invocations
  5964 | D:10     | Got a bloodstained trident
  5965 | D:10     | Identified the +7 trident "Siumasu" {pierce, *Noise rElec Str+3 SInv} (You found it on level 10 of the Dungeon)
  6056 | D:10     | Found a staircase to the Lair.
  6083 | D:10     | Reached skill level 1 in Polearms
  6235 | D:10     | Reached skill level 6 in Invocations
  6296 | D:10     | Reached ** piety under Qazlal
  6302 | D:10     | Found a staircase to the Orcish Mines.
  6322 | D:10     | Reached XP level 11. HP: 78/78 MP: 15/15
  6447 | D:10     | Reached skill level 5 in Fighting
  6461 | D:10     | Reached skill level 5 in Polearms
  6779 | D:10     | Found Otoaffacw's Food Emporium.
  6858 | D:10     | Reached skill level 7 in Invocations
  7766 | D:7      | Killed Prince Ribbit
  7984 | D:8      | Reached *** piety under Qazlal
  8014 | D:8      | Reached skill level 8 in Invocations
  8285 | D:8      | Noticed Psyche
  8292 | D:8      | Killed Psyche
  8427 | D:11     | Noticed a hill giant
  8435 | D:11     | Killed a hill giant
  8443 | D:11     | Reached XP level 12. HP: 87/91 MP: 18/18
  8472 | D:11     | Reached skill level 5 in Shields
  8494 | D:11     | Gained mutation: You are partially covered in rugged brown scales. (AC +1, +3% HP) [mutagenic meat]
  8500 | D:11     | Gained mutation: You rapidly evolve. [mutagenic meat]
  8667 | D:11     | Lost mutation: You expend magic power (3 MP) to strengthen your wands. [mutagenic meat]
  8983 | D:11     | Reached skill level 9 in Invocations
  9702 | Lair:1   | Entered Level 1 of the Lair of Beasts
  9772 | Lair:1   | Reached **** piety under Qazlal
  9852 | Lair:1   | Gained mutation: Your flesh is heat resistant. (rF+) [evolution]
 10389 | Lair:2   | Noticed a death yak
 10389 | Lair:2   | Noticed a death yak
 10389 | Lair:2   | Noticed a death yak
 10389 | Lair:2   | Noticed a death yak
 10389 | Lair:2   | Noticed a death yak
 10403 | Lair:2   | Killed a death yak
 10417 | Lair:2   | Killed a death yak
 10417 | Lair:2   | Reached skill level 10 in Invocations
 10426 | Lair:2   | Killed a death yak
 10426 | Lair:2   | Reached XP level 13. HP: 43/103 MP: 12/20
 10459 | Lair:2   | Reached skill level 10 in Shields
 11833 | Lair:3   | Found a staircase to the Shoals.
 11878 | Lair:3   | Reached ***** piety under Qazlal
 11879 | Lair:3   | Lost mutation: You possess an exceptional clarity of mind. [potion of mutation]
 11879 | Lair:3   | Gained mutation: You are agile. (Dex +2) [potion of mutation]
 11879 | Lair:3   | Lost mutation: You are agile. (Dex +2) [potion of mutation]
 12004 | Lair:3   | Reached skill level 11 in Invocations
 12009 | Lair:3   | Reached skill level 10 in Fighting
 12784 | Lair:4   | Gained mutation: Your flesh is very heat resistant. (rF++) [evolution]
 12964 | Lair:4   | Found a staircase to the Snake Pit.
 13378 | Lair:5   | Reached XP level 14. HP: 104/114 MP: 22/22
 13505 | Lair:5   | Reached skill level 1 in Dodging
 13797 | Lair:5   | Lost mutation: You rapidly evolve. [end of evolution]
 14116 | Lair:5   | Reached skill level 12 in Invocations
 14562 | Lair:6   | Entered Level 6 of the Lair of Beasts
 14592 | Lair:6   | Reached ****** piety under Qazlal
 14666 | Lair:6   | Found a staircase to the Slime Pits.
 15063 | Lair:6   | Noticed Xiguana's ghost (journeyman VSMo)
 15100 | Lair:6   | Killed Xiguana's ghost
 15629 | Lair:6   | Reached skill level 5 in Dodging
 15764 | Lair:6   | Reached skill level 10 in Polearms
 15790 | Lair:6   | Reached XP level 15. HP: 118/123 MP: 24/24
 15798 | Lair:6   | Reached skill level 1 in Throwing
 16346 | D:12     | Found Inoenemn's Distillery.
 16356 | D:12     | Bought a potion of lignification for 39 gold pieces
 16356 | D:12     | Bought a potion of lignification for 39 gold pieces
 16594 | D:12     | Noticed Gastronok
 16607 | D:12     | Killed Gastronok
 16909 | D:12     | Found a glowing golden altar of the Shining One.
 17288 | D:13     | Found Oziahall's Jewellery Boutique.
 17297 | D:13     | Found Fyempic's Magic Scroll Emporium.
 17312 | D:13     | Reached skill level 13 in Invocations
 17344 | D:13     | Bought a scroll of brand weapon for 260 gold pieces
 17461 | D:13     | Found Plog's Food Shoppe.
 17495 | D:13     | Found a runed door.
 17560 | D:13     | Noticed a fire giant
 17569 | D:13     | Noticed a tengu reaver
 17573 | D:13     | Killed a fire giant
 17573 | D:13     | Reached skill level 5 in Throwing
 17584 | D:13     | Killed a tengu reaver
 18334 | D:13     | Found Riniliza's Antique Armour Emporium.
 18358 | D:13     | Bought a pair of glowing gloves for 117 gold pieces
 18426 | D:14     | Reached XP level 16. HP: 123/130 MP: 18/26
 18580 | D:14     | Noticed Urug
 18600 | D:14     | Killed Urug
 18636 | D:14     | Found a gate to the Vaults.
 18965 | D:15     | Entered Level 15 of the Dungeon
 18983 | D:15     | Noticed Zebura's ghost (journeyman FoFi)
 19259 | Shoals:1 | Entered Level 1 of the Shoals
 19269 | Shoals:1 | Found Qioshresh's General Store.
 19679 | Shoals:1 | Reached skill level 14 in Invocations
 20037 | Shoals:1 | Gained mutation: You passively map the area around you. [potion of mutation]
 20037 | Shoals:1 | Lost mutation: You are partially covered in molten scales. (AC +1) [potion of mutation]
 20037 | Shoals:1 | Lost mutation: You are partially covered in rugged brown scales. (AC +1, +3% HP) [potion of mutation]
 20064 | Shoals:2 | Noticed Polyphemus
 20179 | Shoals:2 | Noticed Kirke
 20211 | Shoals:2 | Killed Polyphemus
 20384 | Shoals:1 | Gained mutation: You are resistant to electric shocks. (rElec) [evolution]
 20501 | Shoals:2 | Killed Kirke
 20677 | Shoals:2 | Identified a scroll of acquirement
 20678 | Shoals:2 | Got an ancient cloak
 20687 | Shoals:2 | Identified the +1 cloak of the Wasteland {Str+3} (You acquired it on level 2 of the Shoals)
 20731 | Shoals:2 | Noticed Nikola
 20757 | Shoals:2 | Killed Nikola
 20757 | Shoals:2 | Reached XP level 17. HP: 114/134 MP: 27/27
 21336 | Shoals:2 | Slain by a merfolk impaler

Vault maps used:
D:1:      saegor_arrival_simple_a, st_stairs_1
D:2:      overflow_temple_1_default, uniq_terence
D:3:      first_bread, nrook_uturn
D:4:      serial_shops, nicolae_shop_behind_doors, kennysheep_nub, uniq_natasha
D:5:      basic_altar, makhleb_heckhound_becter
D:6:      serial_shops, nicolae_shop_stone
D:7:      minmay_shop_star, lightli_bailey_entry_fortress, uniq_prince_ribbit1,
          uniq_joseph, uniq_pikel
D:8:      serial_shops, shop, david_nohive_1, uniq_psyche, uniq_maurice
D:9:      serial_ice, serial_ice_a, serial_ice_l, serial_ice_h, serial_ice_b,
          serial_ice_n
D:10:     minmay_cornered_nines, minmay_lair_entry_lava,
          kennysheep_orc_monster_closet_entryway, serial_shops, shop,
          patterned_corridor
D:11:     lab_entry_generic
D:12:     serial_column_ruins, column_ruins_temple_hall,
          column_ruins_circle_large, column_ruins_open_tiny,
          column_ruins_open_tiny, column_ruins_open_large, serial_shops,
          shop_fountains, uniq_gastronok
D:13:     serial_shops, shop, shop, shop, shop, minivault_13
D:14:     hangedman_vaults_entry_quadrant_bands, minmay_misc_feat_five,
          uniq_urug
D:15:     grunt_enter_depths_snipers, roderic_roman_lattice,
          nicolae_qazlal_general_emergency
Temple:   nicolae_temple_the_god_donut
Lair:1:   grunt_megastairs_1, serial_bayou_shore_a, serial_bayou_shore_b
Lair:2:   dpeg_oklob_gauntlet, st_stairs_3, eino_house_with_fridge,
          infiniplex_staircase_pool, lemuel_fruit_fields
Lair:3:   minmay_shoals_entry_beasts, grunt_forest_small_clearing_treed
Lair:4:   minmay_snake_entry_six_corridors, minivault_27
Lair:5:   dragon1_lemuel
Lair:6:   hangedman_lair_tendril_chambers, guppyfry_lair_end_dragon,
          minmay_slime_entry_oklob_open
Shoals:1: serial_shops, nicolae_shop_statue_plus
Shoals:2: nicolae_shoals_isolated_beach, uniq_kirke, uniq_polyphemus,
          uniq_nikola
Shoals:3: cheibrodos_shoals_roost, st_sunken_temple
Bailey:   bailey_polearm_2, bailey

Skill      XL: |  1  2  3  4  5  6  7  8  9 10 11 12 13 14 15 16 |
---------------+-------------------------------------------------+-----
Maces & Flails | 3 4 6 8 |  8.0
Armour         | 4 5 7 8 11 12 | 12.5
Invocations    | 3 6 8 10 11 12 13 14 | 14.4
Polearms       | 4 7 10 | 10.7
Fighting       | 4 7 8 10 11 12 | 12.4
Shields        | 4 9 12 | 12.4
Dodging        | 5 8 9 |  9.4
Throwing       | 6 9 |  9.8

Action                   |  1- 3 |  4- 6 |  7- 9 | 10-12 | 13-15 | 16-18 || total
-------------------------+-------+-------+-------+-------+-------+-------++-------
Melee: Flail             |   100 |       |       |       |       |       ||   100
       Kick              |    13 |    11 |       |       |       |       ||    24
       Mace              |       |   190 |    73 |       |       |       ||   263
       Dire flail        |       |       |   374 |   184 |       |       ||   558
       Trident           |       |       |       |   632 |  1278 |   435 ||  2345
       Unarmed           |       |       |       |       |       |     5 ||     5
Throw: Javelin           |       |       |       |       |       |    34 ||    34
Invok: Upheaval          |       |       |       |     4 |     1 |     1 ||     6
       Elemental Force   |       |       |       |       |     2 |     4 ||     6
       Disaster Area     |       |       |       |       |     5 |     4 ||     9
 Abil: Dig               |       |     1 |       |     3 |    13 |       ||    17
       Shaft Self        |       |     1 |       |     1 |       |       ||     2
Evoke: Wand              |       |       |     1 |       |       |       ||     1
  Use: Potion            |     3 |     4 |     7 |     7 |     3 |     5 ||    29
       Scroll            |     5 |     4 |     5 |     3 |    11 |     5 ||    33
 Stab: Invisible         |     2 |       |       |     3 |       |       ||     5
       Distracted        |       |       |       |       |       |     2 ||     2
  Eat: Bread ration      |       |     1 |     2 |     2 |     2 |       ||     7
       Chunk             |       |     1 |     9 |    11 |     1 |       ||    22
       Pizza             |       |       |     2 |       |       |       ||     2
       Meat ration       |       |       |       |     2 |     2 |       ||     4
       Fruit             |       |       |       |       |    11 |     5 ||    16
       Royal jelly       |       |       |       |       |     3 |       ||     3
Armor: Scale mail        |    32 |   116 |       |       |       |       ||   148
       Plate armour      |       |       |   295 |   443 |   295 |   154 ||  1187
       Skin              |       |       |       |    14 |     5 |     1 ||    20
Dodge: Dodged            |    29 |    78 |    91 |   154 |   160 |   128 ||   640
       Deflected         |       |       |       |       |     3 |    13 ||    16
Block: Shield            |    53 |   129 |   240 |   593 |  1025 |   455 ||  2495
       Other             |       |       |       |       |       |     1 ||     1
